 Dungeon Crawl Stone Soup version 0.31-a0-167-g1c394c0614 (webtiles) character file.

Game seed: 15469506349356104366

113 qw the Shooter (level 4, -5/28 HPs)
             Began as a Gargoyle Hunter on June 14, 2023.
             Slain by an iguana (7 damage)
             ... on level 3 of the Dungeon.
             The game lasted 00:00:39 (1515 turns).

qw the Shooter (Gargoyle Hunter)                    Turns: 1515, Time: 00:00:40

Health: -5/28      AC:  8    Str: 14 (15) XL:     4   Next: 96%
Magic:  4/4        EV: 10    Int:  9      God:
Gold:   211        SH:  0    Dex: 15      Spells: 3/3 levels left

rFire   . . .        Y - +0 shortbow
rCold   . . .        (shield currently unavailable)
rNeg    + . .        d - +0 ring mail
rPois   inf          (no helmet)
rElec   +            (no cloak)
rCorr   .            (no gloves)
SInv    .            (no boots)
Will    .....        (no amulet)
Stlth   +            (no ring)
HPRegen 0.24/turn    (no ring)
MPRegen 0.09/turn

%: no passive effects
@: no status effects
A: sickness immunity, AC +3, negative energy resistance 1, electricity
resistance, torment resistance 1, petrification resistance
a: no special abilities


You were on level 3 of the Dungeon.
You visited 1 branch of the dungeon, and saw 3 of its levels.

You collected 289 gold pieces.
You spent 78 gold pieces at shops.


Innate Abilities, Weirdness & Mutations

You are immune to sickness and miasma.
Your stone body is resilient. (AC +3)
You are immune to poison.
You resist negative energy. (rN+)
You are resistant to electric shocks. (rElec)
You are resistant to unholy torment.
You are immune to petrification.


   Skills:
 - Level 3.0 Fighting
 + Level 5.6 Ranged Weapons
 - Level 1.0 Armour
 - Level 1.5 Dodging
 - Level 1.1 Stealth


You had 3 spell levels left.
You didn't know any spells.
Your spell library was empty.

Inventory:

Hand Weapons
 Y - a +0 shortbow (weapon)
Armour
 a - a +0 pair of gloves
 d - a +0 ring mail (worn)
Scrolls
 g - a scroll of identify
Potions
 b - 2 potions of haste
 j - 2 potions of curing
 m - a potion of attraction

Dungeon Overview and Level Annotations

Branches:
Dungeon (3/15)

Altars:
Hepliaklqana

Shops:
D:1 ?

Annotations:
D:3 1 runed translucent door, qw's ghost, amateur GrFi


Message History

Enter note:
Enter note:
Enter note: An iguana comes into view.
Enter note:
Enter note:
Enter note:
Enter note: You shoot an arrow.
The arrow hits the adder.
The adder is lightly wounded.
You shoot an arrow. The arrow closely misses the adder.
The iguana hisses angrily.
The adder bites you. The adder barely misses you.
You shoot an arrow. The arrow misses the adder.
The adder bites you but does no damage.
You shoot an arrow. The arrow hits the adder.
The adder is moderately wounded.
The adder bites you. The adder barely misses you.
You shoot an arrow. The arrow closely misses the adder.
The adder misses you. The adder bites you but does no damage.
You shoot an arrow. The arrow hits the adder.
The adder is heavily wounded.
The adder bites you but does no damage.
You shoot an arrow. The arrow hits the adder!
You kill the adder!
You feel your strength returning.
You shoot an arrow. The arrow hits the iguana.
The iguana is lightly wounded.
The iguana barely misses you.
You shoot an arrow. The arrow completely misses the iguana.
The iguana bites you. The iguana bites you!
You shoot an arrow.
The arrow hits the iguana but does no damage.
The iguana is lightly wounded.
The iguana bites you!
You shoot an arrow.
The arrow hits the iguana but does no damage.
The iguana is lightly wounded.
The iguana bites you!
You die...

..P¤.P.¤.#.
P.¤¤...P.. #
##..¤¤¤..P.# ..
#..¤.¤PP(.##
...#.PP.#P.....
....P.#....P.
........P.#####
......%@l......
..###.#.##.####
# #....# ###..#
.. #..##...#
##.......# #.
#..###.... .##
.. #.##.##..
#.. .. ... #
#.#..##.#
#..#....


You could see an iguana.

Vanquished Creatures
  Natasha (D:3)
  A gnoll (D:1)
  3 adders (D:3)
  A worm (D:2)
  3 dart slugs
  5 endoplasms
  3 giant cockroaches
  2 goblins (D:2)
  3 hobgoblins
  3 jackals (D:3)
  3 quokkas
  2 ball pythons
  4 bats
  A frilled lizard (D:2)
  4 kobolds
  4 rats
43 creatures vanquished.

Notes
Turn   | Place    | Note
-------+----------+-------------------------------------------
     0 | D:1      | qw the Gargoyle Hunter began the quest for the Orb.
     0 | D:1      | Reached XP level 1. HP: 12/12 MP: 1/1
     0 | D:1      | 0 ||| qw: Version: 0.2-a-29-g1fa15c8
     0 | D:1      | 0 ||| qw: Game counter: 4995
     0 | D:1      | 0 ||| qw: Always use a shield: true
     0 | D:1      | 0 ||| qw: God list: Okawaru
     0 | D:1      | 0 ||| qw: Allow faded altars: false
     0 | D:1      | 0 ||| qw: Do Orc after D:15 true
     0 | D:1      | 0 ||| qw: Do second Lair branch before Depths: true
     0 | D:1      | 0 ||| qw: Lair rune preference: random
     0 | D:1      | 0 ||| qw: Plans: Normal, Zot:1-4, Slime:5, God:TSO, Crypt,
                  | Tomb, Abyss, Pan, Hells, Win
     0 | D:1      | 0 ||| PLANNING D:1-11
   211 | D:1      | Found Zoomaq's Magic Scroll Shop.
   224 | D:1      | 224 ||| SHOPLISTING 3 scrolls of teleportation (117 gold,
                  | have 81).
   224 | D:1      | 224 ||| SHOPLISTING scroll of acquirement (676 gold, have
                  | 81).
   224 | D:1      | 224 ||| BUYING scroll of identify (26 gold).
   224 | D:1      | Bought a scroll of identify for 26 gold pieces
   224 | D:1      | 224 ||| BUYING scroll of identify (26 gold).
   224 | D:1      | Bought a scroll of identify for 26 gold pieces
   224 | D:1      | 224 ||| BUYING scroll of identify (26 gold).
   224 | D:1      | Bought a scroll of identify for 26 gold pieces
   241 | D:1      | Reached XP level 2. HP: 17/17 MP: 2/2
   438 | D:1      | Reached XP level 3. HP: 21/21 MP: 3/3
   731 | D:1      | 731 ||| UPGRADING to +0 ring mail.
   741 | D:1      | 741 ||| DROPPING +0 leather armour.
   742 | D:1      | 742 ||| READING scroll labelled BICYLAHYOV.
   743 | D:1      | 743 ||| READING scroll labelled EHICIR YLE WYDOOR.
   744 | D:1      | 744 ||| READING scroll labelled WEMI IF LUAPEA.
   845 | D:1      | 845 ||| READING scroll labelled KEUKANG ULOIDD.
   846 | D:1      | 846 ||| READING scroll labelled NATEECA FEAGEOHO.
   847 | D:1      | 847 ||| DRINKING 2 dark potions.
   848 | D:1      | 848 ||| READING 3 scrolls of identify.
   848 | D:1      | 848 ||| IDENTIFYING orange potion
   849 | D:1      | 849 ||| READING 2 scrolls of identify.
   849 | D:1      | 849 ||| IDENTIFYING fizzy clear potion
   850 | D:1      | 850 ||| DROPPING scroll of butterflies.
   851 | D:1      | 851 ||| DROPPING potion of degeneration.
  1030 | D:2      | Reached skill level 1 in Armour
  1062 | D:2      | Reached skill level 5 in Ranged Weapons
  1281 | D:2      | 1281 ||| READING scroll labelled MIPHYHU PAMICS.
  1282 | D:2      | 1282 ||| READING 2 scrolls of identify.
  1282 | D:2      | 1282 ||| IDENTIFYING green potion
  1312 | D:3      | Reached skill level 3 in Fighting
  1312 | D:3      | Reached XP level 4. HP: 24/28 MP: 4/4
  1353 | D:3      | Found a runed translucent door.
  1356 | D:3      | Noticed qw's ghost (amateur GrFi)
  1420 | D:3      | Noticed Natasha
  1426 | D:3      | Killed Natasha
  1501 | D:3      | Found a hazy altar of Hepliaklqana.
  1514 | D:3      | HP: 2/28 [iguana (7)]
  1515 | D:3      | Slain by an iguana

Levels and vault maps discovered:
D:1:      onia_arrival_mini_spirals, layout_loops_ring, serial_shops, shop_coins
D:2:      layout_rooms
D:3:      layout_rooms, nicolae_hepliaklqana_hazy_memory,
          hellmonk_ghost_happy_afterlife, uniq_ijyb, uniq_crazy_yiuf_cottage,
          uniq_natasha

Skill      XL: |  1  2  3 |
---------------+----------+-----
Armour         | 1 |  1.0
Ranged Weapons | 5 |  5.6
Fighting       | 3 |  3.0
Dodging        | |  1.5
Stealth        | |  1.1

Action                     |  1- 3 |  4- 6 || total
---------------------------+-------+-------++-------
   Fire: Shortbow          |   107 |    41 ||   148
    Use: Scroll            |     9 |       ||     9
         Potion            |     1 |       ||     1
 Armour: Leather armour    |     5 |       ||     5
         Ring mail         |    21 |    10 ||    31
  Dodge: Dodged            |    27 |    19 ||    46

Table legend:
 A = Non-vault XP
 B = Vault XP
 C = Vault XP percentage of total XP
 D = Non-vault monster count
 E = Vault monster count
 F = Vault count percentage of total count
                 A         B        C        D         E       F
            +---------+---------+-------+---------+---------+-------
      Total |     127 |      35 |  21.6 |      42 |       1 |   2.3
            +---------+---------+-------+---------+---------+-------
        D:1 |      37 |       0 |   0.0 |      14 |       0 |   0.0
        D:2 |      31 |       0 |   0.0 |      15 |       0 |   0.0
        D:3 |      59 |      35 |  37.2 |      13 |       1 |   7.1
            +---------+---------+-------+---------+---------+-------
